AoeStats
← Bremmel

Enclosed

504979583Analyzed
1v1 RM · 26d ago on Sep 7, 2026· 63m 12s· 2 players
Game mode
Random Map
Map size
Tiny (2 player)
Population
200
Speed
Normal
Resources
Standard
Victory
Conquest
Starting age
Dark Age
Ending age
Imperial Age
RankedLock teamsTeams togetherTeam positionsShared explorationLock speedFull tech treeHidden civsTurbo modeCheats
Victory
Defeat
🇩🇪 Persians · Germany
673
+22
🇲🇽 Lithuanians · Mexico
608
-13
OB1
10:32 Feudal Age
19:14 Fletching
30:09 Loom
33:16 Double-Bit Axe
40:16 Horse Collar
58:16 Bloodlines
Bremmel
14:11 Loom
18:21 Feudal Age
19:15 Double-Bit Axe
24:04 Man-at-Arms
33:21 Horse Collar
36:15 Castle Age
36:13 Forging
36:04 Scale Mail Armor
37:34 Wheelbarrow
37:07 Heavy Plow
37:37 Bow Saw
40:38 Hand Cart
41:14 Chain Mail Armor
50:17 Imperial Age
51:34 Conscription
51:45 Crossbowman
53:45 Thumb Ring
56:15 Padded Archer Armor
56:06 Fletching
56:47 Plate Mail Armor
56:53 Iron Casting
Connection lost

Rejoining the realm…

Still unreachable

The connection could not be restored.

Session expired

The server has moved on; the page needs a fresh start.